 Dungeon Crawl Stone Soup version 0.22.1-2-g9c5b331383 (webtiles) character file.

90362 Ihlosi the Jinx (level 16, -1/88 HPs)
             Began as a Kobold Enchanter on Dec 26, 2018.
             Was a High Priest of Sif Muna.
             Slain by a naga warrior
             ... wielding a +0 glaive
              (27 damage)
             ... on level 1 of the Snake Pit on Dec 27, 2018.
             The game lasted 03:12:39 (41323 turns).

Ihlosi the Jinx (Kobold Enchanter)                 Turns: 41323, Time: 03:12:39

Health: -1/88      AC: 12    Str:  8    XL:     16   Next: 46%
Magic:  10/32      EV: 22    Int: 30    God:    Sif Muna [*****.]
Gold:   2256       SH:  7    Dex: 17    Spells: 7/39 levels left

rFire    + + .     SeeInvis .   a - +9 short sword of Miergh {freeze, rElec MR+ Int+4}
rCold    + + .     Gourm    .   W - +0 buckler
rNeg     . . .     Faith    .   H - +2 leather armour {rPois}
rPois    +         Spirit   .   L - +2 helmet
rElec    +         Reflect  .   R - scarf {rC+ rF+}
rCorr    .         Harm     .   k - +2 pair of gloves
MR       ++...                  g - +0 pair of boots
Stlth    +++++.....             w - amulet of rage
HPRegen  0.24/turn              s - +5 ring of intelligence
MPRegen  0.23/turn              q - ring "Unyowivupn" {+Inv rF+ rC+ Int+2}

@: no status effects
A: small, carnivore
a: Divine Energy, Channel Magic, Forget Spell, Renounce Religion, Evoke Berserk
Rage, Evoke Invisibility


You were on level 1 of the Snake Pit.
You worshipped Sif Muna.
Sif Muna was extremely pleased with you.
You were full.

You visited 6 branches of the dungeon, and saw 27 of its levels.
You also visited: Labyrinth and Ice Cave.

You collected 2521 gold pieces.
You spent 265 gold pieces at shops.

Inventory:

Hand Weapons
 a - the +9 short sword of Miergh (weapon) {freeze, rElec MR+ Int+4}
   (You bought it in a shop on level 9 of the Dungeon)

   It has been specially enchanted to freeze those struck by it, causing extra
   injury to most foes and up to half again as much damage against particularly
   susceptible opponents.
   It can also slow down cold-blooded creatures.
   It affects your intelligence (+4).
   It insulates you from electricity.
   It affects your resistance to hostile enchantments.
 b - a +2 rapier
 l - a +3 blowgun
 z - a +1 rapier of draining
 I - a +2 scimitar of flaming
Missiles
 u - 175 bolts
 A - 5 needles of sleeping
 M - 5 curare-tipped needles
Armour
 f - a +2 robe of positive energy
 g - a +0 pair of boots (worn)
 k - a +2 pair of gloves (worn)
 H - a +2 leather armour of poison resistance (worn)
 L - a +2 helmet (worn)
 P - a +2 leather armour of fire resistance
 R - a scarf of resistance (worn)
 W - a +0 buckler (worn)
Jewellery
 q - the ring "Unyowivupn" (right hand) {+Inv rF+ rC+ Int+2}
   (You found it in a labyrinth)

   [ring of protection from cold]

   It affects your intelligence (+2).
   It protects you from fire.
   It protects you from cold.
   It lets you turn invisible.
 s - a +5 ring of intelligence (left hand)
 w - an amulet of rage (around neck)
 K - an uncursed ring of stealth
 V - an uncursed ring of magical power
Wands
 e - a wand of scattershot (8)
 n - a wand of random effects (35)
 C - a wand of enslavement (9)
 D - a wand of paralysis (3)
 J - a wand of polymorph (33)
 N - a wand of disintegration (9)
 Q - a wand of acid (8)
 U - a wand of flame (28)
 X - a wand of digging (8)
Scrolls
 c - 14 scrolls of teleportation
 h - 4 scrolls of amnesia
 j - a scroll of fog
 y - a scroll of identify
 B - a scroll of fear
 Y - 2 scrolls of remove curse
Potions
 i - 2 potions of ambrosia
 p - 9 potions of curing
 r - a potion of lignification
 t - a potion of might
 x - 2 potions of haste
 E - 3 potions of agility
 F - 3 potions of cancellation
 O - 2 potions of mutation
 T - 2 potions of berserk rage
Comestibles
 d - 33 rations


   Skills:
 - Level 6.0 Fighting
 - Level 9.0 Short Blades
 - Level 3.0 Armour
 * Level 11.5 Dodging
 - Level 12.0 Stealth
 * Level 5.5 Shields
 - Level 12.0 Spellcasting
 * Level 9.5 Conjurations
 * Level 14.8 Hexes
 - Level 3.0 Translocations
 - Level 9.0 Evocations


You had 7 spell levels left.
You knew the following spells:

 Your Spells              Type           Power        Failure   Level  Hunger
a - Dazzling Spray        Conj/Hex       ######       1%          3    None
b - Ensorcelled Hibernat  Hex/Ice        ######       1%          2    None
c - Confuse               Hex            #######.     1%          3    None
d - Corona                Hex            #######      0%          1    None
e - Slow                  Hex            #######.     0%          2    None
f - Tukima's Dance        Hex            #######.     1%          3    None
g - Inner Flame           Hex/Fire       ######..     1%          3    None
h - Invisibility          Hex            #######.     1%          6    ####...
i - Fulminant Prism       Conj/Hex       ######....   1%          4    None
j - Blink                 Tloc           N/A          1%          2    None
k - Mephitic Cloud        Conj/Pois/Air  #####...     3%          3    None

Your spell library contained the following spells:

 Spells                   Type           Power        Failure   Level  Hunger
 Confusing Touch          Hex            ######       0%          1    None
 Apportation              Tloc           #####.       1%          1    None
 Throw Flame              Conj/Fire      #####.       1%          2    None
 Throw Frost              Conj/Ice       #####.       1%          2    None
 Portal Projectile        Hex/Tloc       ######       1%          3    None
 Stone Arrow              Conj/Erth      #####.       1%          3    None
 Summon Guardian Golem    Hex/Summ       ######..     1%          3    None
 Cause Fear               Hex            #######...   1%          4    None
 Leda's Liquefaction      Hex/Erth       ######....   1%          4    None
 Shroud of Golubria       Chrm/Tloc      ####......   3%          2    None
 Gell's Gravitas          Tloc           #####.....   3%          3    None
 Lesser Beckoning         Tloc           #####.....   3%          3    None
 Teleport Other           Tloc           #####...     3%          3    None
 Animate Skeleton         Necr           N/A          4%          1    None
 Beastly Appendage        Tmut           ###...       4%          1    None
 Freeze                   Ice            ###.         4%          1    None
 Pain                     Necr           ###.         4%          1    None
 Sandblast                Erth           ###...       4%          1    None
 Summon Butterflies       Summ           ###.....     4%          1    None
 Throw Icicle             Conj/Ice       #####...     5%          4    None
 Metabolic Englaciation   Hex/Ice        ######....   5%          5    ##.....
 Silence                  Hex/Air        ######....   5%          5    ##.....
 Yara's Violent Unravell  Hex/Tmut       ######....   5%          5    ##.....
 Passwall                 Tmut/Erth      ###.....     6%          2    None
 Swiftness                Chrm/Air       ###.....     6%          2    None
 Recall                   Summ/Tloc      N/A          6%          3    None
 Ozocubu's Armour         Chrm/Ice       ###.....     12%         3    None
 Regeneration             Chrm/Necr      ###.......   12%         3    None
 Spider Form              Tmut/Pois      ###.......   12%         3    None
 Vampiric Draining        Necr           ###.......   12%         3    None
 Passage of Golubria      Tloc           N/A          12%         4    None
 Irradiate                Conj/Tmut      #####.....   16%         5    ##.....
 Airstrike                Air            ###.......   36%         4    None
 Animate Dead             Necr           N/A          36%         4    None
 Olgreb's Toxic Radiance  Pois           ###.....     36%         4    None
 Petrify                  Tmut/Erth      ###.....     36%         4    None
 Summon Ice Beast         Ice/Summ       ###.....     36%         4    None
 Summon Lightning Spire   Summ/Air       ###.....     36%         4    None
 Bolt of Fire             Conj/Fire      #####.....   65%         6    ####...
 Conjure Ball Lightning   Conj/Air       #####.....   65%         6    ####...
 Alistair's Intoxication  Tmut/Pois      ###.....     73%         5    ##.....
 Lee's Rapid Deconstruct  Erth           ###.......   73%         5    ##.....
 Deflect Missiles         Chrm/Air       ###.......   99%         6    ####...
 Shadow Creatures         Summ           N/A          99%         6    ####...
 Statue Form              Tmut/Erth      ###......    99%         6    ####...
 Discord                  Hex            #######...   52%         8    #######
 Summon Horrible Things   Summ           ###.......   100%        8    #######


Dungeon Overview and Level Annotations

Branches:
Dungeon (15/15)            Temple (1/1) D:6            Lair (6/6) D:11
  Swamp (2/4) Lair:3        Snake (1/4) Lair:4        Slime (0/5) Lair:6
    Orc (2/2) D:10            Elf (0/3) Orc:2        Vaults (0/5) D:14
 Depths: D:15

Altars:
Ashenzari
Cheibriados
Dithmenos
Elyvilon
Fedhas
Gozag
Hepliaklqana
Kikubaaqudgha
Makhleb
Nemelex Xobeh
Okawaru
Qazlal
Ru
Sif Muna
Trog
Uskayaw
Vehumet
Wu Jian
Xom
Yredelemnul
Zin
The Shining One
Beogh
Jiyva

Shops:
D:9 (   D:10 =   D:11 (   Orc:2 [(:*

Portals:
Trove: D:11 (show abyssal rune of Zot)

Annotations:
D:13 Nessos
Lair:1 1 runed door, Neceegh's ghost, novice SpNe
Lair:6 !dire elephant
Swamp:2 !thorn hunter


Innate Abilities, Weirdness & Mutations

You are small and have problems with some larger weapons.
You are carnivorous and can eat meat at any time.


Message History

The naga warrior resists with almost no effort.
The naga warrior closely misses you. The naga warrior constricts you.
Casting: Ensorcelled Hibernation (safe; 1% risk of failure)
Confirm with . or Enter, or press ? or * to list all spells.
Aiming: Ensorcelled Hibernation (safe; 1% risk of failure)
Press: ? - help, Shift-Dir - straight line, f/p - naga warrior
Aim: a naga warrior, wielding a glaive and wearing a robe (lightly wounded, The naga warrior resists with almost no effort.
The naga warrior hits you with a glaive!!
* * * LOW HITPOINT WARNING * * *
The naga warrior constricts you.
Casting: Ensorcelled Hibernation (safe; 1% risk of failure)
Confirm with . or Enter, or press ? or * to list all spells.
Aiming: Dazzling Spray (safe; 1% risk of failure)
Press: ? - help, Shift-Dir - straight line, f/p - naga warrior
Aim: a naga warrior, wielding a glaive and wearing a robe (lightly wounded, The spray of energy misses the naga warrior.
You escape the naga warrior's grasp.
The naga warrior hits you from afar with a glaive!!
You die...

#..........
.........# .
#........# ..
##........#...
#.............
#...........#
#.....N....#
#.........#
#####....@....#
..............#
####.#.......# ## ..
#÷#######
.#...###)###### ####
......).÷.....##....
#.########.......#
.#.# #.......###...#
#.............#


You could see a naga warrior.

Vanquished Creatures
  A stone giant (Orc:2)
  A minotaur (Lab)
  3 ettins (Orc:2)
  Snorg (D:10)
  7 hydras
  An ice dragon (Lair:4)
  A vault guard (D:14)
  3 naga warriors (Snake:1)
  3 anacondas (Snake:1)
  5 two-headed ogres
  2 centaur warriors
  9 alligators
  A death yak (Lair:6)
  Urug (D:10)
  2 shock serpents (Snake:1)
  A sixfirhy (D:7)
  A spriggan druid (Swamp:2)
  A swamp dragon (Swamp:2)
  An orc knight (Orc:2)
  Pikel (D:6)
  7 ugly things
  A mana viper (shapeshifter) (D:14)
  12 cyclopes
  An orc sorcerer (Orc:1)
  3 salamanders (Snake:1)
  2 guardian serpents
  2 elephants (Lair:6)
  Maurice (Orc:2)
  2 manticores
  8 black mambas
  2 centaur zombies
  3 ice statues (IceCv)
  9 spiny frogs
  A gargoyle (D:12)
  An efreet (D:14)
  3 komodo dragons
  4 rime drakes
  4 polar bears
  3 trolls
  5 tyrant leeches
  2 raiju (Lair:6)
  Grinder (D:4)
  3 hornets
  8 blink frogs
  A bog body (Swamp:2)
  Prince Ribbit (D:6)
  9 hippogriffs
  2 meliai zombies
  A hippogriff (shapeshifter) (D:14)
  A dream sheep (Lair:6)
  A spriggan (Swamp:1)
  2 wyverns
  A wraith (D:13)
  4 basilisks
  56 yaks
  3 hungry ghosts
  A steam dragon (D:10)
  13 vampire mosquitoes
  Menkaure (D:4)
  5 wargs
  7 nagas
  2 acid dragons (D:14)
  4 swamp worms
  Edmund (D:6)
  13 water moccasins
  A soldier ant (D:12)
  10 porcupines
  Duvessa (D:6)
  11 hell hounds (Lair:6)
  3 swamp drakes
  16 orc warriors
  17 black bears
  2 sky beasts
  An eye of draining (D:12)
  9 ogres
  17 wolves
  3 phantoms
  9 ice beasts
  11 centaurs
  7 crocodiles
  3 big kobolds
  Blork the orc (D:5)
  13 bullfrogs
  Dowan (D:6)
  4 jellies
  11 scorpions
  A wyvern skeleton (D:12)
  3 killer bees (D:12)
  3 wights (D:14)
  2 howler monkeys
  5 electric eels
  5 crimson imps
  2 bullfrog zombies
  7 hounds
  A centaur skeleton (D:10)
  11 orc priests
  27 orc wizards
  3 iguanas
  12 worker ants
  A killer bee zombie (D:10)
  2 hound zombies
  3 worker ant zombies
  12 adders
  9 gnolls
  5 shadow imps
  15 white imps
  2 adder skeletons
  An adder zombie (D:8)
  3 worms
  2 dart slugs
  9 leopard geckos
  84 orcs
  2 ball pythons
  6 giant cockroaches
  13 goblins
  4 hobgoblins
  15 jackals
  7 quokkas
  11 bats
  4 frilled lizards
  19 kobolds
  A quokka skeleton (D:5)
  4 rats (D:3)
  2 fungi (Orc:2)
732 creatures vanquished.

Vanquished Creatures (collateral kills)
  Rupert (Orc:1)
  2 cyclopes (Orc:2)
  A warg (Orc:2)
  An orc warrior (D:13)
  A slave (D:6)
6 creatures vanquished.

Vanquished Creatures (others)
  An ugly thing (D:14)
  2 centaurs (D:14)
  An orc wizard (Orc:1)
  6 fulminant prisms
  20 fungi
  21 plants
51 creatures vanquished.

Grand Total: 789 creatures vanquished

Notes
Turn   | Place    | Note
-------+----------+-------------------------------------------
     0 | D:1      | Ihlosi the Kobold Enchanter began the quest for the Orb.
     0 | D:1      | Reached XP level 1. HP: 10/10 MP: 3/3
   246 | D:1      | Reached XP level 2. HP: 11/15 MP: 5/5
   912 | D:1      | Learned a level 2 spell: Ensorcelled Hibernation
  1155 | D:1      | Reached XP level 3. HP: 20/20 MP: 6/6
  1840 | D:2      | Reached XP level 4. HP: 9/24 MP: 0/7
  1871 | D:2      | Reached skill level 5 in Stealth
  2034 | D:2      | Found an opulent altar of Gozag.
  2265 | D:2      | Reached skill level 1 in Fighting
  2265 | D:2      | Reached XP level 5. HP: 29/29 MP: 4/9
  2309 | D:2      | Learned a level 3 spell: Confuse
  2313 | D:2      | Learned a level 3 spell: Dazzling Spray
  3709 | D:3      | Reached XP level 6. HP: 30/34 MP: 7/10
  4467 | D:3      | Found a glowing silver altar of Zin.
  4764 | D:4      | Noticed a phantom
  5003 | D:4      | Killed a phantom
  5003 | D:4      | Reached skill level 4 in Hexes
  5435 | D:4      | Reached XP level 7. HP: 37/39 MP: 3/12
  5588 | D:4      | Noticed Menkaure
  5801 | D:4      | Noticed Grinder
  5812 | D:4      | Killed Grinder
  6531 | D:5      | Entered Level 5 of the Dungeon
  6638 | D:5      | Found a shadowy altar of Dithmenos.
  6638 | D:5      | Found a bloodstained altar of Trog.
  6641 | D:5      | Noticed Blork the orc
  6667 | D:5      | Killed Blork the orc
  6667 | D:5      | Reached skill level 5 in Hexes
  6667 | D:5      | Reached XP level 8. HP: 45/45 MP: 14/14
  6715 | D:5      | Found a blossoming altar of Fedhas.
  7118 | D:5      | Reached skill level 5 in Dodging
  7614 | D:6      | Reached skill level 5 in Spellcasting
  7826 | D:6      | Reached skill level 5 in Short Blades
  7990 | D:6      | Noticed Pikel
  8133 | D:6      | Noticed Edmund
  8164 | D:6      | Reached skill level 6 in Hexes
  8315 | D:6      | Reached XP level 9. HP: 50/50 MP: 10/17
  8450 | D:6      | Killed Edmund
  8522 | D:6      | Noticed Prince Ribbit
  8525 | D:6      | Killed Prince Ribbit
  8525 | D:6      | Reached skill level 1 in Evocations
  8528 | D:6      | Reached skill level 1 in Conjurations
  8658 | D:6      | Found a staircase to the Ecumenical Temple.
  8664 | Temple   | Entered the Ecumenical Temple
  8767 | Temple   | Became a worshipper of Sif Muna the Loreminder
  8830 | D:6      | Noticed Duvessa
  8830 | D:6      | Noticed Dowan
  8841 | D:6      | Killed Duvessa
  8855 | D:6      | Killed Dowan
  8855 | D:6      | Reached skill level 7 in Hexes
  9172 | D:6      | Learned a level 2 spell: Slow
  9176 | D:6      | Learned a level 3 spell: Tukima's Dance
  9242 | D:6      | Killed Pikel
  9345 | D:7      | Reached * piety under Sif Muna
  9496 | D:7      | Found an ancient bone altar of Kikubaaqudgha.
  9598 | D:7      | Reached skill level 8 in Hexes
  9817 | D:7      | Found a runed door.
  9827 | D:7      | Noticed a sixfirhy
  9950 | D:7      | Found a blossoming altar of Fedhas.
 10129 | D:8      | Reached XP level 10. HP: 56/56 MP: 19/19
 10725 | D:8      | Noticed a two-headed ogre
 10788 | D:8      | Reached skill level 1 in Armour
 11308 | D:8      | Killed a two-headed ogre
 11308 | D:8      | Reached ** piety under Sif Muna
 12499 | D:9      | Noticed a two-headed ogre
 12512 | D:9      | Found Wiumentuh's Antique Weapon Shoppe.
 12570 | D:9      | Reached XP level 11. HP: 55/60 MP: 14/21
 12590 | D:9      | Bought a slimy short sword for 216 gold pieces
 12813 | D:9      | Killed a two-headed ogre
 12813 | D:9      | Reached skill level 9 in Hexes
 13077 | D:10     | Entered Level 10 of the Dungeon
 13078 | D:10     | Identified the +9 short sword of Miergh {freeze, rElec MR+
                  | Int+4} (You bought it in a shop on level 9 of the Dungeon)
 13172 | D:10     | Noticed a two-headed ogre
 13189 | D:10     | Killed a two-headed ogre
 13189 | D:10     | Reached *** piety under Sif Muna
 13189 | D:10     | Reached skill level 5 in Evocations
 13253 | D:10     | Found Uwolaci's Jewellery Shop.
 13461 | D:10     | Noticed Urug
 13487 | D:10     | Killed Urug
 13655 | D:10     | Noticed Snorg
 13883 | D:10     | Found a staircase to the Orcish Mines.
 14239 | D:10     | Learned a level 3 spell: Inner Flame
 14342 | D:10     | Identified a scroll of acquirement
 14343 | D:10     | Got a smoking hat
 14347 | D:10     | Identified the +1 hat of the Gate {rCorr Int+4 Slay-5} (You
                  | acquired it on level 10 of the Dungeon)
 14460 | D:11     | Found a staircase to the Lair.
 14480 | D:11     | Reached **** piety under Sif Muna
 14709 | D:11     | Noticed a manticore
 14731 | D:11     | Killed a manticore
 14734 | D:11     | Noticed a five-headed hydra
 14781 | D:11     | Found a portal to a secret trove of treasure.
 14813 | D:11     | Killed a five-headed hydra
 15082 | D:11     | Noticed a six-headed hydra
 15108 | D:11     | Killed a six-headed hydra
 15108 | D:11     | Reached skill level 5 in Conjurations
 15108 | D:11     | Reached skill level 10 in Hexes
 15108 | D:11     | Reached XP level 12. HP: 33/64 MP: 22/25
 15679 | D:11     | Found Wuolon's Weapon Boutique.
 15831 | Lair:1   | Entered Level 1 of the Lair of Beasts
 16296 | Lair:1   | Found a runed door.
 16297 | Lair:1   | Found a shimmering altar of Xom.
 16297 | Lair:1   | Noticed Neceegh's ghost (novice SpNe)
 16297 | Lair:1   | Noticed a war axe of chaos
 16546 | Lair:1   | Reached skill level 11 in Hexes
 16956 | Lair:2   | Reached skill level 10 in Stealth
 16981 | Lair:2   | Reached skill level 1 in Shields
 17050 | Lair:2   | Reached ***** piety under Sif Muna
 17061 | Lair:2   | Identified Seypivid's Volume of Execration and Feathers
                  | (Sif Muna gifted it to you on level 2 of the Lair of
                  | Beasts)
 17061 | Lair:2   | Received a gift from Sif Muna
 17070 | Lair:2   | Learned a level 6 spell: Invisibility
 17509 | Lair:2   | Got a steaming ring mail
 17728 | Lair:2   | Reached XP level 13. HP: 70/70 MP: 23/26
 17933 | Lair:3   | Found a labyrinth entrance.
 17961 | Lair:3   | Identified the +0 ring mail of Zaishixe {+Blink} (You found
                  | it on level 2 of the Lair of Beasts)
 17976 | Lab      | Entered a labyrinth
 19149 | Lab      | Noticed a minotaur
 19161 | Lab      | Killed a minotaur
 19170 | Lab      | Found the +8 whip "Snakebite" {curare, rPois}
 19170 | Lab      | Got a glittering jade ring
 19437 | Lair:3   | Found a staircase to the Swamp.
 20705 | Lair:4   | Found a staircase to the Snake Pit.
 21129 | Lair:4   | Reached skill level 10 in Spellcasting
 21243 | Lair:4   | Noticed an ice dragon
 21864 | D:12     | You fall through a shaft for 2 floors!
 21936 | D:13     | Noticed Nessos
 22838 | D:12     | Reached skill level 5 in Fighting
 23353 | D:13     | Reached XP level 14. HP: 71/78 MP: 28/28
 23830 | D:4      | Killed Menkaure
 24328 | D:10     | Killed Snorg
 24343 | Orc:1    | Entered Level 1 of the Orcish Mines
 24644 | Swamp:1  | Entered Level 1 of the Swamp
 26339 | D:13     | Identified the ring "Unyowivupn" {+Inv rF+ rC+ Int+2} (You
                  | found it in a labyrinth)
 26527 | D:13     | Identified Sif Muna's Papyrus of Supportive Transmutation
                  | (Sif Muna gifted it to you on level 13 of the Dungeon)
 26527 | D:13     | Received a gift from Sif Muna
 26527 | D:13     | Reached skill level 12 in Hexes
 27383 | D:14     | Reached skill level 10 in Dodging
 28770 | D:14     | Identified the Compendium of the Lamprey (You acquired it
                  | on level 14 of the Dungeon)
 28777 | D:14     | Learned a level 4 spell: Fulminant Prism
 29301 | D:14     | Found a gate to the Vaults.
 29467 | D:15     | Entered Level 15 of the Dungeon
 30857 | Lair:5   | Found a frozen archway.
 30975 | IceCv    | Entered an ice cave
 32015 | IceCv    | Learned a level 2 spell: Blink
 32244 | Lair:5   | Reached XP level 15. HP: 84/84 MP: 30/30
 32835 | Lair:5   | Got a slimy ring mail
 33095 | Lair:6   | Entered Level 6 of the Lair of Beasts
 33285 | Lair:6   | Reached skill level 1 in Translocations
 33582 | Lair:6   | Identified Nuck's Disquisition on Arcane Weapons and
                  | Bewitchment (Sif Muna gifted it to you on level 6 of the
                  | Lair of Beasts)
 33582 | Lair:6   | Received a gift from Sif Muna
 34628 | Lair:6   | Found a staircase to the Slime Pits.
 34629 | Lair:6   | Found a viscous altar of Jiyva.
 35049 | Lair:6   | Identified the cursed +0 ring mail "Teock" {Str+2} (You
                  | found it on level 5 of the Lair of Beasts)
 35204 | Lair:6   | Reached skill level 13 in Hexes
 35485 | Snake:1  | Entered Level 1 of the Snake Pit
 36465 | Orc:2    | Entered Level 2 of the Orcish Mines
 36465 | Orc:2    | Found a staircase to the Elven Halls.
 36465 | Orc:2    | Found Hure's Antique Weapon Boutique.
 36465 | Orc:2    | Noticed Maurice
 36470 | Orc:2    | Noticed Rupert
 36471 | Orc:2    | Killed Maurice
 36654 | Orc:2    | Paralysed by Rupert for 2 turns
 36864 | Orc:1    | Paralysed by Rupert for 5 turns
 36867 | Orc:1    | Killed Rupert
 37186 | Orc:1    | Found a roughly hewn altar of Beogh.
 37451 | Orc:2    | Found Vutal's General Store.
 37632 | Orc:2    | Bought a scroll of magic mapping for 49 gold pieces
 37653 | Orc:2    | Reached skill level 5 in Shields
 37784 | Orc:2    | Found Tacwir's Book Shop.
 37785 | Orc:2    | Noticed a stone giant
 37808 | Orc:2    | Identified Sif Muna's Volume of Lightness and
                  | Transmigration (Sif Muna gifted it to you on level 2 of the
                  | Orcish Mines)
 37808 | Orc:2    | Received a gift from Sif Muna
 37938 | Orc:2    | Killed a stone giant
 37949 | Orc:2    | Learned a level 3 spell: Mephitic Cloud
 37961 | Orc:2    | Found a roughly hewn altar of Beogh.
 38125 | Orc:2    | Found Adeiwog's Antique Armour Emporium.
 38145 | Orc:2    | Reached XP level 16. HP: 38/88 MP: 26/32
 38586 | Orc:2    | Reached skill level 14 in Hexes
 40280 | Swamp:2  | Noticed a thorn hunter
 41323 | Snake:1  | Slain by a naga warrior

Skill      XL: |  1  2  3  4  5  6  7  8  9 10 11 12 13 14 15 16 |
---------------+-------------------------------------------------+-----
Short Blades   | 2 3 4 5 6 8 9 |  9.0
Stealth        | 5 6 9 10 12 | 12.0
Dodging        | 3 4 5 6 8 9 10 11 | 11.5
Fighting       | 1 2 3 5 6 |  6.0
Spellcasting   | 3 4 5 6 7 9 10 11 12 | 12.0
Hexes          | 4 5 6 8 10 11 12 13 14 | 14.8
Evocations     | 3 4 5 6 7 8 9 |  9.0
Conjurations   | 2 3 5 6 7 8 9 |  9.5
Armour         | 2 3 |  3.0
Shields        | 1 3 4 5 |  5.5
Translocations | 3 |  3.0

Action                   |  1- 3 |  4- 6 |  7- 9 | 10-12 | 13-15 | 16-18 || total
-------------------------+-------+-------+-------+-------+-------+-------++-------
Melee: Dagger            |   123 |   276 |    16 |       |       |       ||   415
       Falchion          |       |    28 |    32 |       |       |       ||    60
       Rapier            |       |       |   174 |   169 |       |       ||   343
       Short sword       |       |       |       |   190 |   634 |    81 ||   905
       Quarterstaff      |       |       |       |       |   181 |       ||   181
 Cast: Ensorcelled Hiber |     4 |    28 |    70 |   162 |   204 |    48 ||   516
       Corona            |     1 |       |     4 |       |     3 |       ||     8
       Confuse           |       |    11 |     7 |     9 |    13 |     2 ||    42
       Dazzling Spray    |       |       |     4 |    16 |   241 |    38 ||   299
       Slow              |       |       |     2 |     1 |     4 |       ||     7
       Tukima's Dance    |       |       |     1 |       |     2 |       ||     3
       Invisibility      |       |       |       |       |     8 |     2 ||    10
       Fulminant Prism   |       |       |       |       |     3 |     3 ||     6
       Blink             |       |       |       |       |     2 |       ||     2
 Abil: Stop Flying       |       |       |       |       |     1 |       ||     1
       Evoke Flight      |       |       |       |       |     1 |       ||     1
Evoke: Wand              |       |       |       |    13 |   106 |    11 ||   130
  Use: Scroll            |       |    14 |     2 |    12 |    24 |     4 ||    56
       Potion            |       |     2 |       |     1 |     9 |       ||    12
 Stab: Sleeping          |    11 |    27 |    52 |   133 |   160 |    22 ||   405
       Distracted        |       |     1 |     1 |     4 |     4 |       ||    10
       Confused          |       |     2 |     5 |     6 |     7 |       ||    20
       Invisible         |       |       |       |     3 |    35 |    10 ||    48
       Paralysed         |       |       |       |       |    56 |       ||    56
  Eat: Chunk             |    11 |    14 |    16 |    24 |    69 |     9 ||   143
       Ration            |       |       |       |       |     1 |       ||     1
Armor: Robe              |    19 |    71 |    29 |       |       |       ||   119
       Leather armour    |       |       |     9 |    89 |   151 |    11 ||   260
Dodge: Dodged            |    81 |   213 |   174 |   352 |   786 |    87 ||  1693
Block: Buckler           |       |       |       |       |       |    19 ||    19
       Rpst.: Falchion   |       |     7 |    16 |       |       |       ||    23
